 Dungeon Crawl Stone Soup version 0.19.0-20-gbc5f0c6 (webtiles) character file.

84805 JeffiDaFish the Peltast (level 15, -5/96 HPs)
             Began as a Gargoyle Fighter on Nov 18, 2016.
             Was the Champion of Makhleb.
             Slain by an orc warrior
             ... wielding a +0 halberd
              (26 damage)
             ... on level 2 of the Orcish Mines.
             The game lasted 01:08:22 (20636 turns).

JeffiDaFish the Peltast (Gargoyle Fighter)         Turns: 20636, Time: 01:08:23

Health: -5/96      AC: 35    Str: 31    XL:     15   Next: 81%
Magic:  21/21      EV: 10    Int:  9    God:    Makhleb [******]
Gold:   1983       SH: 24    Dex: 17    Spells: 1 memorised, 18 levels left

rFire  + . .     SeeInvis .     A - +9 morningstar (elec)
rCold  x . .     Gourm    .     D - +0 plate armour {rF+}
rNeg   + . .     Faith    .     c - +0 shield
rPois  ∞         Spirit   .     o - +0 hat of Chimes {+Blink rC- Str+3 Dex+6}
rElec  +         Reflect  +     s - +1 cloak
rCorr  .         Harm     .     j - +2 pair of gloves
MR     +....                    i - +2 pair of boots
Stlth  ..........               t - brooch of Shielding {Reflect SH+8}
                                d - +4 ring of strength
                                E - ring of wizardry

@: flying
A: big wings, negative energy resistance 1, electricity resistance, unbreathing,
petrification resistance, rot immunity, AC +11
a: Stop Flying, Minor Destruction, Lesser Servant of Makhleb, Major Destruction,
Greater Servant of Makhleb, Renounce Religion, Evoke Blink


You were on level 2 of the Orcish Mines.
You worshipped Makhleb.
Makhleb was exalted by your worship.
You were not hungry.

You visited 4 branches of the dungeon, and saw 24 of its levels.

You collected 2892 gold pieces.
You spent 909 gold pieces at shops.

Inventory:

Hand Weapons
 w - the +6 spear of Leini {holy, rF- Str+2 Dex+4}
   (You found it on level 15 of the Dungeon)

   It has been blessed by the Shining One to cause great damage to the undead
   and demons.
   It affects your strength (+2).
   It affects your dexterity (+4).
   It makes you vulnerable to fire.
 A - a +9 morningstar of electrocution (weapon)
Armour
 c - a +0 shield (worn)
 i - a +2 pair of boots (worn)
 j - a +2 pair of gloves (worn)
 o - the +0 hat of Chimes (worn) {+Blink rC- Str+3 Dex+6}
   (You found it on level 12 of the Dungeon)

   It affects your strength (+3).
   It affects your dexterity (+6).
   It makes you vulnerable to cold.
   It lets you blink.
 s - a +1 cloak (worn)
 D - a +0 plate armour of fire resistance (worn)
Jewellery
 d - a +4 ring of strength (right hand)
 t - the brooch of Shielding (around neck) {Reflect SH+8}
   (You found it on level 4 of the Dungeon)

   [amulet of reflection]

   It shields you and reflects attacks.
   It affects your SH (+8).
 E - a ring of wizardry (left hand)
Scrolls
 g - 2 scrolls of identify
 k - 3 scrolls of amnesia
 l - 3 scrolls of fog
 m - a scroll of remove curse
 r - 2 scrolls of recharging
 y - 4 scrolls of teleportation
 C - a scroll of blinking
 F - a scroll of summoning
 H - a scroll of magic mapping
Potions
 a - 7 potions of agility
 q - 2 potions of cancellation
 u - 2 potions of curing
 z - 5 potions of brilliance
 B - 5 potions of might
 G - 2 potions of resistance
 J - 2 potions of haste
 M - a potion of magic
Books
 e - a book of Power

   Spells                             Type                      Level
   a - Fulminant Prism                Conjuration/Hexes            4
   b - Iskenderun's Mystic Blast      Conjuration                  4
   c - Venom Bolt                     Conjuration/Poison           5
   d - Bolt of Magma                  Conjuration/Fire/Earth       5
   e - Iron Shot                      Conjuration/Earth            6
   f - Orb of Destruction             Conjuration                  7
   g - Spellforged Servitor           Conjuration/Summoning        7
Comestibles
 b - 3 chunks of flesh
 f - 16 bread rations
 h - 10 slices of pizza
 n - 11 meat rations
 p - 7 beef jerkies


   Skills:
 * Level 12.2 Fighting
 * Level 15.1 Maces & Flails
 * Level 11.8 Armour
 - Level 3.0 Dodging
 - Level 1.9 Stealth
 * Level 16.8 Shields
 + Level 4.0 Spellcasting
 + Level 4.4 Conjurations


You had 18 spell levels left.
You knew the following spells:

 Your Spells              Type           Power        Failure   Level  Hunger
a - Iskenderun's Mystic   Conj           #.......     95%         4    #####..


Dungeon Overview and Level Annotations

Branches:
Dungeon (15/15)            Temple (1/1) D:4            Lair (6/6) D:8
 Shoals (0/4) Lair:4        Snake (0/4) Lair:2        Slime (0/5) Lair:5
    Orc (2/2) D:9             Elf (0/3) Orc:2        Vaults (0/5) D:13
 Depths (0/5) D:15

Altars:
Cheibriados
Dithmenos
Elyvilon
Gozag
Hepliaklqana
Kikubaaqudgha
Makhleb
Okawaru
Qazlal
Ru
Sif Muna
Trog
Uskayaw
Vehumet
Xom
Yredelemnul
Zin
The Shining One
Beogh
Jiyva

Shops:
D:8 [   D:9 (   D:13 [   D:14 [(*?}   Orc:2 %?*

Annotations:
Lair:5 1 runed door
Orc:2 Saint Roka


Innate Abilities, Weirdness & Mutations

You are resistant to torment.
Your stone body is resilient. (AC +11)
You are immune to poison.
Your large and strong wings let you fly indefinitely.
You resist negative energy. (rN+)
You are resistant to electric shocks. (rElec)
You can survive without breathing.
You are immune to petrification.
You are immune to rotting.


Message History

You block the orc's attack.
Saint Roka invokes the aid of Beogh against you.
Beogh smites you!
* * * LOW HITPOINT WARNING * * *
The orc barely misses you. You block the orc's attack.
Saint Roka mumbles some strange prayers to Beogh against you.
Beogh smites you!
* * * LOW HITPOINT WARNING * * *
There is an open gate, spattered with blood here.
Items here: ))))) [[[[
Items here: )) [[ a war axe; a chain mail; a long sword; a chain mail You feel better.
The orc warrior no longer looks unusually strong.
You block the orc's attack.
Saint Roka roars a battlecry!
The orc warrior goes into a battle-frenzy!
The orc warrior hits you from afar with a halberd!!
You die...

##.####............###
##...##..##########...#
##.....#.## .# ###..
##........# ..# ##.
#........#### ..# . #.
###.......#.8##'###'# ##
####.......8.'.......... #
##............'o.o)..8... #
#...........8@ooooo...... #
##...........)#.8##'###'# ##
###.......)..#### .# #.
#.......))..# # ##.
##....)).....## ###..
##.....).......##########...#
#..........................##
##.#.....)....##..#........##
##...........#..............


You could see Saint Roka, 3 orc warriors and 3 orcs.

Vanquished Creatures
  An orc warlord (Orc:1)
  2 stone giants
  The ghost of slitherrr the Grim Reaper, a journeyman DsGl of Yredelemnul (D:12)
  The ghost of Achryn the Basher, a journeyman GrFi of the Shining One (D:15)
  An ettin (Orc:1)
  Snorg (D:10)
  The ghost of Styro the Covert, a journeyman OpVM of Ashenzari (D:12)
  A yaktaur captain (D:15)
  5 hydras
  Erica (Lair:1)
  2 tengu warriors
  5 centaur warriors
  Urug (D:10)
  Sonja (D:10)
  4 skeletal warriors (D:14)
  3 unseen horrors
  7 hill giants
  A necromancer (D:13)
  2 orc knights (Orc:2)
  A wolf spider zombie (D:13)
  A manticore (D:13)
  8 ugly things
  5 orc sorcerers
  2 cyclopes (D:13)
  A siren (Lair:4)
  3 centaur zombies
  An elephant (D:8)
  A torpor snail (Lair:6)
  3 black mambas
  10 spiny frogs
  Psyche (D:8)
  7 komodo dragons
  A freezing wraith (D:15)
  A queen bee (shapeshifter) (D:15)
  A yaktaur (D:15)
  4 trolls
  A tengu conjurer (D:15)
  3 hornets (Lair:6)
  4 polar bears
  Grinder (D:3)
  Prince Ribbit (D:8)
  A harpy skeleton (D:14)
  17 slime creatures
  15 blink frogs
  12 dream sheep
  A hippogriff (shapeshifter) (D:15)
  10 hippogriffs
  Sigmund (D:2)
  14 spriggans (Lair:6)
  2 wyverns
  2 shadows (D:13)
  3 wraiths
  3 hogs (D:7)
  A human (D:7)
  2 hungry ghosts
  Grum (D:10)
  39 yaks
  A human (shapeshifter) (D:15)
  9 vampire mosquitoes
  7 basilisks
  A basilisk (shapeshifter) (D:15)
  4 nagas (Lair:2)
  Edmund (D:6)
  A mottled dragon (D:12)
  3 wargs
  9 water moccasins
  Duvessa (D:7)
  2 ice beasts
  6 porcupines
  38 orc warriors
  A swamp drake (Lair:6)
  5 black bears
  4 sky beasts
  3 phantoms
  3 boggarts (Lair:6)
  2 eyes of draining
  The ghost of GlenndL the Bolt Thrower, an amateur HuWn (D:3)
  A necrophage (D:6)
  7 ogres
  6 centaurs
  26 wolves
  14 crocodiles
  A big kobold (D:8)
  18 bullfrogs
  Dowan (D:7)
  A wyvern skeleton (D:9)
  6 scorpions
  4 killer bees (D:12)
  7 wights
  3 howler monkeys
  2 electric eels (D:11)
  3 crimson imps
  A bullfrog zombie (D:9)
  2 jellies
  8 hounds
  A gnoll shaman (D:7)
  29 orc priests
  23 orc wizards
  2 bullfrog skeletons
  3 centaur skeletons
  Ijyb (D:2)
  2 iguanas
  Natasha (twice) (D:4)
  8 worker ants
  A hound zombie (D:6)
  2 worker ant zombies
  6 adders
  9 gnolls
  A shadow imp (D:6)
  2 oozes
  An adder skeleton (D:6)
  A worm (D:2)
  2 dart slugs
  5 leopard geckos
  100 orcs
  5 giant cockroaches
  9 goblins
  5 hobgoblins
  16 jackals
  6 quokkas
  3 ball pythons
  5 bats
  4 frilled lizards
  11 kobolds
  A quokka zombie (D:7)
  4 rats
  A fungus (Lair:5)
  A plant (Lair:6)
711 creatures vanquished.

Vanquished Creatures (others)
  2 cyclopes (D:11)
  2 fungi
  A plant (Lair:6)
5 creatures vanquished.

Grand Total: 716 creatures vanquished

Notes
Turn   | Place    | Note
-------+----------+-------------------------------------------
     0 | D:1      | JeffiDaFish the Gargoyle Fighter began the quest for the Orb.
     0 | D:1      | Reached XP level 1. HP: 14/14 MP: 1/1
    24 | D:1      | Reached XP level 2. HP: 9/19 MP: 2/2
    30 | D:1      | Noticed a komodo dragon
    30 | D:1      | Noticed a black mamba
    74 | D:1      | Noticed a hog
   436 | D:1      | Reached XP level 3. HP: 23/23 MP: 3/3
  1052 | D:2      | Found a shimmering altar of Xom.
  1075 | D:2      | Found a shimmering altar of Xom.
  1077 | D:2      | Found a shimmering altar of Xom.
  1199 | D:2      | Reached XP level 4. HP: 29/29 MP: 4/4
  1221 | D:2      | Noticed Ijyb
  1261 | D:2      | Killed Ijyb
  1261 | D:2      | Reached skill level 4 in Shields
  1345 | D:2      | Noticed Sigmund
  1357 | D:2      | Killed Sigmund
  1357 | D:2      | Reached skill level 5 in Shields
  1357 | D:2      | Reached XP level 5. HP: 18/33 MP: 5/5
  1357 | D:2      | Reached XP level 6. HP: 21/38 MP: 6/6
  1597 | D:2      | Found an iron altar of Okawaru.
  1910 | D:3      | Noticed GlenndL's ghost (amateur HuWn)
  1929 | D:3      | Killed GlenndL's ghost
  1980 | D:3      | Noticed Grinder
  1991 | D:3      | Paralysed by Grinder for 4 turns
  2000 | D:3      | Paralysed by Grinder for 3 turns
  2007 | D:3      | Reached skill level 1 in Dodging
  2017 | D:3      | Paralysed by Grinder for 4 turns
  2022 | D:3      | Killed Grinder
  2022 | D:3      | Reached skill level 5 in Maces & Flails
  2022 | D:3      | Reached XP level 7. HP: 3/44 MP: 7/7
  2758 | D:4      | Found a staircase to the Ecumenical Temple.
  2788 | Temple   | Entered the Ecumenical Temple
  2824 | Temple   | Became a worshipper of Makhleb the Destroyer
  2887 | D:4      | Reached skill level 6 in Shields
  2958 | D:4      | Found a snail-covered altar of Cheibriados.
  3024 | D:4      | Noticed Natasha
  3038 | D:4      | Killed Natasha
  3450 | D:4      | Reached skill level 5 in Armour
  3450 | D:4      | Reached XP level 8. HP: 28/48 MP: 8/8
  3514 | D:4      | Noticed Natasha
  3545 | D:4      | Killed Natasha
  3668 | D:4      | Found a shadowy altar of Dithmenos.
  3679 | D:4      | Reached skill level 5 in Fighting
  3722 | D:5      | Entered Level 5 of the Dungeon
  3873 | D:5      | Reached skill level 7 in Shields
  4024 | D:5      | Found a stormy altar of Qazlal.
  4509 | D:6      | Noticed Edmund
  4534 | D:6      | Killed Edmund
  4632 | D:6      | Reached XP level 9. HP: 53/54 MP: 9/9
  4677 | D:6      | Reached * piety under Makhleb
  5211 | D:6      | Reached skill level 8 in Shields
  5359 | D:7      | Noticed Duvessa
  5361 | D:7      | Noticed Dowan
  5368 | D:7      | Killed Duvessa
  5383 | D:7      | Killed Dowan
  5730 | D:7      | Reached ** piety under Makhleb
  5919 | D:7      | Reached skill level 9 in Shields
  6147 | D:7      | Reached XP level 10. HP: 45/60 MP: 10/10
  6264 | D:7      | Found a hide-covered altar of Uskayaw.
  6265 | D:7      | Found a glowing silver altar of Zin.
  6266 | D:7      | Found a radiant altar of Vehumet.
  6269 | D:7      | Found a deep blue altar of Sif Muna.
  6704 | D:8      | Noticed an elephant
  6718 | D:8      | Killed an elephant
  6718 | D:8      | Reached skill level 10 in Shields
  6744 | D:8      | Reached *** piety under Makhleb
  6753 | D:8      | Found a staircase to the Lair.
  6785 | D:8      | Got an ancient war axe
  6786 | D:8      | Identified the +9 war axe of Defence by Offence {drain, rC++ Str-5 Dex+5} (You found it on level 8 of the Dungeon)
  6910 | D:8      | Noticed Prince Ribbit
  6918 | D:8      | Killed Prince Ribbit
  6950 | D:8      | Found Logeic's Armour Shoppe.
  6967 | D:8      | Bought a +0 pair of boots for 58 gold pieces
  7024 | D:8      | Noticed Psyche
  7030 | D:8      | Killed Psyche
  7135 | D:8      | Found a hazy altar of Hepliaklqana.
  7158 | Lair:1   | Entered Level 1 of the Lair of Beasts
  7215 | Lair:1   | Reached skill level 10 in Maces & Flails
  7365 | Lair:1   | Reached XP level 11. HP: 52/67 MP: 11/11
  7402 | Lair:1   | Noticed a five-headed hydra
  7412 | Lair:1   | Killed a five-headed hydra
  7646 | Lair:1   | Reached skill level 11 in Shields
  7770 | Lair:1   | Noticed Erica
  7778 | Lair:1   | Killed Erica
  8371 | Lair:2   | Found a staircase to the Snake Pit.
  8384 | Lair:2   | Reached skill level 12 in Shields
  8387 | Lair:2   | Reached **** piety under Makhleb
  8432 | Lair:2   | Found a white marble altar of Elyvilon.
  8733 | Lair:2   | Reached XP level 12. HP: 73/73 MP: 12/12
  9005 | Lair:3   | Noticed an eight-headed hydra
  9016 | Lair:3   | Killed an eight-headed hydra
  9103 | Lair:3   | Reached skill level 1 in Stealth
  9872 | Lair:4   | Found a staircase to the Shoals.
  9928 | Lair:4   | Reached skill level 13 in Shields
 10207 | Lair:4   | Noticed an eight-headed hydra
 10219 | Lair:4   | Killed an eight-headed hydra
 10605 | Lair:5   | Reached XP level 13. HP: 73/80 MP: 13/13
 10889 | Lair:5   | Found a runed door.
 10891 | Lair:5   | Found a viscous altar of Jiyva.
 10894 | Lair:5   | Found a staircase to the Slime Pits.
 10894 | Lair:5   | Noticed an azure jelly
 10909 | Lair:6   | Entered Level 6 of the Lair of Beasts
 10926 | Lair:6   | Reached skill level 14 in Shields
 11034 | Lair:6   | Reached ***** piety under Makhleb
 11963 | Lair:6   | Reached skill level 10 in Fighting
 12007 | Lair:6   | Reached skill level 15 in Shields
 12700 | D:9      | Found a staircase to the Orcish Mines.
 12985 | D:9      | Found Leheitod's Antique Weapon Boutique.
 13270 | D:10     | Entered Level 10 of the Dungeon
 13288 | D:10     | Noticed Snorg
 13300 | D:10     | Killed Snorg
 13390 | D:10     | Noticed Urug
 13406 | D:10     | Killed Urug
 13834 | D:10     | Noticed Grum
 13854 | D:10     | Killed Grum
 13920 | D:10     | Noticed Sonja
 13930 | D:10     | Killed Sonja
 13994 | D:10     | You fall through a shaft!
 14022 | D:11     | Gained mutation: Your large and strong wings let you fly indefinitely. [Gargoyle growth]
 14022 | D:11     | Reached XP level 14. HP: 87/88 MP: 14/14
 14229 | D:11     | Reached ****** piety under Makhleb
 14403 | D:11     | Learned a level 4 spell: Iskenderun's Mystic Blast
 14531 | D:11     | Reached skill level 10 in Armour
 15017 | D:12     | Noticed Styro's ghost (journeyman OpVM)
 15035 | D:12     | Reached skill level 1 in Conjurations
 15055 | D:12     | Killed Styro's ghost
 15055 | D:12     | Reached skill level 1 in Spellcasting
 15103 | D:12     | You fall through a shaft!
 15111 | D:13     | Found Boisiq's Armour Boutique.
 15357 | D:12     | Found a roughly hewn altar of Beogh.
 15469 | D:12     | Got a scorched hat
 15518 | D:12     | Identified the +0 hat of Chimes {+Blink rC- Str+3 Dex+6} (You found it on level 12 of the Dungeon)
 15701 | D:12     | Noticed slitherrr's ghost (journeyman DsGl)
 15722 | D:12     | Killed slitherrr's ghost
 15825 | D:11     | Got a crude long sword
 15826 | D:11     | Identified the +2 long sword of Capital Punishment {slice, MR+} (You found it on level 11 of the Dungeon)
 16098 | D:13     | Found a gate to the Vaults.
 16472 | D:13     | Reached skill level 16 in Shields
 16877 | D:14     | Found Niahaon's Weapon Shoppe.
 16895 | D:14     | Found Wipsidy's Assorted Antiques.
 16902 | D:14     | Found Hosourgh's Magic Scroll Boutique.
 16979 | D:14     | Bought a scroll of enchant armour for 82 gold pieces
 17055 | D:14     | Found Javev's Gadget Boutique.
 17087 | D:14     | Reached XP level 15. HP: 95/95 MP: 19/19
 17818 | D:14     | Found Vupn's Antique Armour Boutique.
 17838 | D:14     | Bought an embroidered cloak for 315 gold pieces
 17894 | D:15     | Entered Level 15 of the Dungeon
 18247 | D:15     | Noticed Achryn's ghost (journeyman GrFi)
 18296 | D:15     | Killed Achryn's ghost
 18345 | D:15     | Got a scorched spear
 18346 | D:15     | Identified the +6 spear of Leini {holy, rF- Str+2 Dex+4} (You found it on level 15 of the Dungeon)
 18386 | D:15     | Found a staircase to the Depths.
 18766 | Orc:1    | Entered Level 1 of the Orcish Mines
 18798 | Orc:1    | Noticed an orc warlord
 18809 | Orc:1    | Killed an orc warlord
 18812 | Orc:1    | Paralysed by an orc sorcerer for 2 turns
 18945 | Orc:1    | Reached skill level 15 in Maces & Flails
 19203 | Orc:2    | Entered Level 2 of the Orcish Mines
 19273 | Orc:2    | Found a staircase to the Elven Halls.
 19333 | Orc:2    | Found a roughly hewn altar of Beogh.
 19357 | Orc:2    | Found a roughly hewn altar of Beogh.
 19373 | Orc:2    | Found Juyxorr's Magic Scroll Shoppe.
 19446 | Orc:2    | Bought a scroll of enchant weapon for 97 gold pieces
 19446 | Orc:2    | Bought a scroll of brand weapon for 260 gold pieces
 19446 | Orc:2    | Bought a scroll of enchant weapon for 97 gold pieces
 19606 | Orc:2    | Paralysed by an orc sorcerer for 5 turns
 19643 | Orc:2    | Found a roughly hewn altar of Beogh.
 19643 | Orc:2    | Found Pidwaici's Food Emporium.
 19913 | Orc:2    | Found a roughly hewn altar of Beogh.
 19951 | Orc:2    | Found a roughly hewn altar of Beogh.
 19952 | Orc:2    | Found Ruah Meh's General Store.
 20062 | Orc:2    | Noticed Saint Roka
 20088 | Orc:2    | HP: 1/96 [orc warrior/flail (13)]
 20636 | Orc:2    | Slain by an orc warrior

Skill      XL: |  1  2  3  4  5  6  7  8  9 10 11 12 13 14 15 |
---------------+----------------------------------------------+-----
Maces & Flails | 3 5 6 8 10 11 12 13 14 15 | 15.1
Shields        | 5 6 7 9 10 12 13 15 16 | 16.8
Fighting       | 4 5 6 7 8 9 10 11 12 | 12.2
Armour         | 4 5 6 7 8 9 10 11 | 11.8
Dodging        | 1 2 3 |  3.0
Stealth        | 1 |  1.9
Conjurations   | 2 4 |  4.4
Spellcasting   | 2 4 |  4.0

Action                   |  1- 3 |  4- 6 |  7- 9 | 10-12 | 13-15 || total
-------------------------+-------+-------+-------+-------+-------++-------
Melee: Flail             |   124 |   130 |   577 |   624 |   812 ||  2267
       Morningstar       |       |       |       |       |   835 ||   835
 Abil: Evoke Flight      |       |       |       |       |     1 ||     1
       Fly               |       |       |       |       |     1 ||     1
  Use: Scroll            |     7 |     1 |     6 |    10 |    29 ||    53
       Potion            |     3 |     3 |    10 |     2 |     9 ||    27
  Eat: Chunk             |     1 |     3 |    13 |    15 |    28 ||    60
       Fruit             |       |       |     2 |     1 |     5 ||     8
       Meat ration       |       |       |       |       |     1 ||     1
Armor: Scale mail        |    15 |       |       |       |       ||    15
       Chain mail        |    63 |   135 |   175 |       |       ||   373
       Plate armour      |       |       |    65 |   196 |   713 ||   974
Dodge: Dodged            |    28 |    36 |   105 |    82 |   294 ||   545
Block: Shield            |    73 |    99 |   548 |   560 |  1696 ||  2976
       Reflection        |       |       |     5 |     3 |    45 ||    53
